 Dungeon Crawl Stone Soup version 0.29.1-15-g9cfb28693d (webtiles) character file.

Game seed: 9524626887750431491

3569 safid the Frost Mage (level 10, -2/80 HPs)
             Began as a Merfolk Ice Elementalist on Apr 27, 2023.
             Was a Follower of Vehumet.
             Slain by a hornet (7 damage)
             ... on level 8 of the Dungeon.
             The game lasted 00:16:15 (10363 turns).

safid the Frost Mage (Merfolk Ice Elementalist)    Turns: 10363, Time: 00:16:16

Health: -2/80      AC:  7    Str:  9    XL:     10   Next: 9%
Magic:  15/21      EV: 13    Int: 18    God:    Vehumet [*.....]
Gold:   476        SH:  0    Dex: 15    Spells: 10/23 levels left

rFire   . . .      SeeInvis .   B - +3 spear (venom)
rCold   . . .      Faith    .   (no shield)
rNeg    . . .      Spirit   .   a - +0 robe
rPois   .          Reflect  .   n - +0 helmet
rElec   .          Harm     .   s - +0 cloak
rCorr   .          Rampage  .   w - +2 pair of gloves
Will    .....                   (no boots)
Stlth   ++........              (no amulet)
HPRegen 0.23/turn               (no ring)
MPRegen 0.17/turn               (no ring)

@: freezing walls, slowed, very slow
A: (nimble swimmer 2), mertail
a: Renounce Religion


You were on level 8 of the Dungeon.
You worshipped Vehumet.
Vehumet was aware of your devotion.
You visited 2 branches of the dungeon, and saw 9 of its levels.

You collected 476 gold pieces.

Inventory:

Hand Weapons
 B - a +3 spear of venom (weapon)
Missiles
 l - a throwing net
Armour
 a - a +0 robe (worn)
 n - a +0 helmet (worn)
 s - a +0 cloak (worn)
 w - a +2 pair of gloves (worn)
Jewellery
 c - a ring of ice
Wands
 h - a wand of flame (25)
 r - a wand of iceblast (14)
 y - a wand of polymorph (5)
 A - a wand of charming (7)
Scrolls
 e - 2 scrolls of magic mapping {unknown}
 i - 2 scrolls of identify
 j - a scroll of torment {unknown}
 o - a scroll of enchant weapon
 u - a scroll of blinking
 v - a scroll of amnesia
 x - a scroll of brand weapon
Potions
 b - 2 potions of magic
 d - 2 potions of ambrosia
 g - 4 potions of mutation
 k - 2 potions of lignification
 m - a potion of resistance {unknown}
 p - 4 potions of might
 q - a potion of degeneration {unknown}
 z - a potion of haste {unknown}


   Skills:
 + Level 8.0 Fighting
 - Level 4.0 Dodging
 - Level 3.2 Stealth
 + Level 7.4 Spellcasting
 - Level 3.0 Translocations
 + Level 9.6 Ice Magic


You had 10 spell levels left.
You knew the following spells:

 Your Spells              Type           Power      Damage    Failure   Level
a - Freeze                Ice            100%       1d11      1%          1
b - Frozen Ramparts       Ice            82%        1d13      1%          3
c - Ozocubu's Armour      Ice            41%        N/A       1%          3
d - Hailstorm             Conj/Ice       24%        3d7       14%         4
e - Blink                 Tloc           34%        N/A       4%          2

Your spell library contained the following spells:

 Spells                   Type           Power      Damage    Failure   Level
 Necrotise                Necr           24%        1d5       11%         1
 Shock                    Conj/Air       24%        1d4       11%         1
 Sublimation of Blood     Necr           6%         N/A       16%         2
 Wereblood                Tmut           6%         N/A       16%         2
 Portal Projectile        Hex/Tloc       24%        N/A       17%         3
 Call Canine Familiar     Summ           6%         N/A       30%         3
 Inner Flame              Hex/Fire       6%         N/A       30%         3
 Swiftness                Air            6%         N/A       30%         3
 Vampiric Draining        Necr           6%         2d6       30%         3
 Manifold Assault         Tloc           17%        N/A       63%         5
 Airstrike                Air            3%         2d(1-17)  71%         4
 Cause Fear               Hex            3%         N/A       71%         4
 Leda's Liquefaction      Hex/Erth       3%         N/A       71%         4
 Agony                    Necr           6%         N/A       96%         5
 Storm Form               Tmut/Air       3%         N/A       100%        7
 Summon Hydra             Summ           3%         N/A       100%        7
 Discord                  Hex            3%         N/A       100%        8


Dungeon Overview and Level Annotations

Branches:
Dungeon (8/15)             Temple (1/1) D:7            Lair (0/5) D:8

Altars:
Ashenzari
Cheibriados
Dithmenos
Elyvilon
Fedhas
Gozag
Hepliaklqana
Kikubaaqudgha
Makhleb
Nemelex Xobeh
Okawaru
Qazlal
Ru
Sif Muna
Trog
Uskayaw
Vehumet
Wu Jian
Xom
Yredelemnul
Zin
The Shining One

Shops:
D:8 (


Innate Abilities, Weirdness & Mutations

((You are very nimble when in or above water. (Stealth+, EV+, Speed+++)))
Your lower body shifts to a powerful aquatic tail in water.


Message History

The wall freezes the hornet.
The hornet stings you.
* * * LOW HITPOINT WARNING * * *
You are more poisoned.
You feel as though you will be slow longer.
You can move again.
Unknown command.
You feel much better.
The frozen ramparts melt away.
* * * LOW HITPOINT WARNING * * *
You feel extremely sick.
The hornet stings you but does no damage.
The hornet stings you.
* * * LOW HITPOINT WARNING * * *
You feel as though you will be slow longer.
Unknown command.
You feel better. The hornet stings you!
* * * LOW HITPOINT WARNING * * *
You feel as though you will be slow longer.
The hornet barely misses you.
Casting: Freeze (safe; 1% risk of failure)
Confirm with . or Enter, or press ? or * to list all spells.
Casting: Frozen Ramparts (safe; 1% risk of failure)
Press: ? - help, Dir - look around, f - activate The walls around you are covered in ice.
The wall freezes the hornet but does no damage.
The hornet stings you!
* * * LOW HITPOINT WARNING * * *
You feel as though you will be slow longer.
The wall freezes the hornet but does no damage.
The hornet closely misses you.
The wall freezes the hornet but does no damage.
The hornet barely misses you.
Casting: Frozen Ramparts (safe; 1% risk of failure)
Confirm with . or Enter, or press ? or * to list all spells.
Aiming: Freeze (safe; 1% risk of failure)
Press: ? - help, Shift-Dir - straight line, f - hornet
Aim: a hornet (heavily wounded)
You freeze the hornet.
The hornet is severely wounded.
The wall freezes the hornet!
The hornet stings you!
You die...

#.........# #..........#.
#.#.......# #.##.......#.
#.#.......# #.###.....##.
#.#.......# #.####....##.
#.###..########
##♣.~..#.~#.### #.# #..#
###..###.....~#~~..### #.#
#..###.....##~♣.≈.~.~~~....
#.#
#..##..~~..##.~≈~~~~~~~....
#.#
#.........@y.~~.♣#≈~≈~≈.###
#.#
##.##..~~..#.~~.~~~~~≈~####
###.#
#.##..~...##.≈~~.≈.≈~≈#...
....##
#.##....####.~..~...#.#.##
.....# #.#######
#..~≈#≈.##≈#.# ####.# #.#
#.~♣.#~#.###.# #.# #.#
#.###........# #.# #.#
#>.....#.##### # #.# #.#
#####..#.#


You could see a hornet.

Vanquished Creatures
  Erica (D:8)
  Prince Ribbit (D:7)
  Menkaure (D:7)
  An ice beast (D:6)
  A sky beast (D:7)
  An ogre (D:6)
  A centaur (D:7)
  3 phantoms
  A necrophage (D:8)
  A kobold brigand (D:8)
  2 bullfrogs
  2 gnoll sergeants (D:8)
  2 scorpions
  8 wights
  3 killer bees (D:8)
  6 hounds
  3 jellies
  5 orc priests
  A gnoll bouda (D:7)
  Ijyb (D:3)
  An iguana (D:6)
  9 orc wizards
  14 gnolls
  3 adders
  A white imp (D:7)
  2 ufetubi (D:5)
  2 worms (D:2)
  5 dart slugs
  46 orcs
  5 ball pythons
  6 bats
  4 endoplasms
  7 giant cockroaches
  6 goblins
  A hobgoblin (D:1)
  8 kobolds
  8 quokkas
  4 frilled lizards
  7 rats
  A spectral hobgoblin (D:1)
185 creatures vanquished.

Vanquished Creatures (others)
  4 fungi (D:8)
  12 plants
16 creatures vanquished.

Grand Total: 201 creatures vanquished

Notes
Turn   | Place    | Note
-------+----------+-------------------------------------------
     0 | D:1      | safid the Merfolk Ice Elementalist began the quest for the
                  | Orb.
     0 | D:1      | Reached XP level 1. HP: 13/13 MP: 3/3
   134 | D:1      | Reached XP level 2. HP: 18/19 MP: 5/5
   545 | D:1      | Reached XP level 3. HP: 24/24 MP: 6/6
   754 | D:1      | Found a faded altar of an unknown god.
  1071 | D:2      | Found a white marble altar of Elyvilon.
  1685 | D:2      | Reached XP level 4. HP: 30/30 MP: 7/7
  1696 | D:2      | Learned a level 3 spell: Frozen Ramparts
  1700 | D:2      | Learned a level 3 spell: Ozocubu's Armour
  1993 | D:3      | Reached skill level 5 in Ice Magic
  1997 | D:3      | Reached XP level 5. HP: 14/36 MP: 2/9
  2263 | D:3      | Noticed Ijyb
  2290 | D:3      | Killed Ijyb
  2291 | D:3      | Reached skill level 1 in Fighting
  3534 | D:4      | Reached XP level 6. HP: 44/44 MP: 11/11
  4064 | D:5      | Entered Level 5 of the Dungeon
  4271 | D:5      | Reached skill level 6 in Ice Magic
  4379 | D:5      | Reached XP level 7. HP: 47/52 MP: 3/13
  5169 | D:5      | Found a white marble altar of Elyvilon.
  5277 | D:5      | Learned a level 4 spell: Hailstorm
  5280 | D:5      | Learned a level 2 spell: Blink
  5839 | D:6      | Reached XP level 8. HP: 61/61 MP: 8/15
  5849 | D:6      | Reached skill level 1 in Translocations
  6101 | D:6      | Reached skill level 7 in Ice Magic
  6291 | D:6      | Reached skill level 5 in Spellcasting
  6610 | D:6      | Reached skill level 5 in Fighting
  6814 | D:7      | Noticed Prince Ribbit
  6823 | D:7      | Killed Prince Ribbit
  6862 | D:7      | Found a staircase to the Ecumenical Temple.
  6868 | Temple   | Entered the Ecumenical Temple
  7154 | Temple   | Became a worshipper of Vehumet
  7234 | D:7      | Reached XP level 9. HP: 54/69 MP: 17/17
  7451 | D:7      | Noticed Menkaure
  7457 | D:7      | Killed Menkaure
  7458 | D:7      | Reached skill level 8 in Ice Magic
  8561 | D:8      | Found a staircase to the Lair.
  8877 | D:8      | Noticed Erica
  8901 | D:8      | Killed Erica
  8901 | D:8      | Reached * piety under Vehumet
  8901 | D:8      | Offered knowledge of Shock by Vehumet.
  8902 | D:8      | Reached skill level 9 in Ice Magic
  9398 | D:8      | Reached XP level 10. HP: 73/80 MP: 13/20
 10132 | D:8      | Found Sihuser's Weapon Shoppe.
 10353 | D:8      | Paralysed by a hornet for 2 turns
 10356 | D:8      | HP: 3/80 [hornet (11)]
 10358 | D:8      | Paralysed by a hornet for 2 turns
 10362 | D:8      | HP: 4/80 [hornet (8)]
 10363 | D:8      | Slain by a hornet

Illustrated notes

Levels and vault maps discovered:
D:1:      denvon_arrival_waterhouse, layout_rooms,
          dreamdust_ecumenical_altar_drowned_temple, minmay_crystal_water,
          minmay_misc_feat_tiny, minmay_misc_feat_roman,
          corexii_leaking_fountain, minmay_tetromino_i2
D:2:      layout_basic, basic_altar
D:3:      layout_basic, uniq_ijyb
D:4:      layout_basic
D:5:      layout_gridville, overflow_temple_1_default
D:6:      layout_basic
D:7:      layout_basic, minmay_temple_entry_gardened_gates, nrook_loot_triangle,
          uniq_menkaure, uniq_prince_ribbit1
D:8:      layout_loops_ring, dpeg_oklobed_lair, serial_shops, shop_coins,
          serial_rivers, chequers_serial_rivers_marsh,
          chequers_serial_rivers_micro_c, chequers_serial_rivers_room_a,
          chequers_serial_rivers_small_b, uniq_erica
Temple:   regret_index_temple_sigil_plot

Skill      XL: |  1  2  3  4  5  6  7  8  9 10 |
---------------+-------------------------------+-----
Dodging        | 3 4 |  4.0
Stealth        | 3 |  3.2
Ice Magic      | 5 6 7 9 |  9.6
Spellcasting   | 3 4 5 7 |  7.4
Fighting       | 1 3 4 5 7 8 |  8.0
Translocations | 2 3 |  3.0

Action                   |  1- 3 |  4- 6 |  7- 9 | 10-12 || total
-------------------------+-------+-------+-------+-------++-------
Melee: Dagger            |    95 |    60 |       |       ||   155
       Punch             |     2 |       |       |       ||     2
       Tailslap          |     1 |       |       |       ||     1
       Battleaxe         |       |    45 |   201 |     2 ||   248
       Spear             |       |       |       |    16 ||    16
 Cast: Freeze            |     7 |     4 |    13 |     2 ||    26
       Frozen Ramparts   |       |     8 |    26 |     7 ||    41
       Ozocubu's Armour  |       |     5 |    24 |     4 ||    33
  Use: Scroll            |       |       |    14 |       ||    14
       Potion            |       |       |     2 |     5 ||     7
 Stab: Sleeping          |     6 |     5 |     1 |       ||    12
Armor: Robe              |    21 |    38 |   121 |    16 ||   196
Dodge: Dodged            |    57 |    86 |   252 |    23 ||   418
